[Event "Team 45 45 League T49"]
[Site "Internet Chess Club"]
[Date "2011.05.29"]
[Round "3"]
[White "dabodhi"]
[Black "Risto"]
[Result "1-0"]
[WhiteElo "1213"]
[BlackElo "1282"]
[Opening "Torre attack (Tartakower variation)"]
[ECO "D03"]
[Time "13:00:35"]
[TimeControl "2700+45"]

1. d4 d5 2. Nf3 Nf6 3. Bg5 e6 4. Nbd2 Be7 5. e3 O-O 6. Bd3 Nbd7 7. O-O c5 8. c3
Qc7 9. Bf4 Bd6 10. Bg5 Re8 11. Bxf6 Nxf6 12. Ne5 Nd7 13. f4 f6 14. Bxh7+ Kf8 15.
Ng6+ Kf7 16. Ne5+ Nxe5 17. fxe5 Be7 18. Qh5+ Kf8 19. Bg6 Kg8 20. Bxe8 Bd8 21.
exf6 Bxf6 22. Rxf6 gxf6 23. Qg6+ Qg7 24. Rf1 Qxg6 25. Bxg6 Kg7 26. Bc2 Bd7 27.
Rf4 e5 28. dxe5 fxe5 29. Rh4 Bc6 30. Nf3 Kf6 31. Rh5 Re8 32. Rf5+ Kg7 33. Nxe5
Bb5 34. a4 Ba6 35. Rg5+ Kf6 36. Nf3 Rxe3 37. Rxd5 b6 38. Rd6+ Ke7 39. Rh6 Re2
40. Rh7+ Kd6 41. Rh6+ Kc7 42. Bf5 Rxb2 43. Be4 Ra2 44. Rc6+ Kb8 45. h4 Rxa4 46.
Bf5 Kb7 47. Rf6 Be2 48. h5 Bxf3 49. gxf3 Rh4 50. h6 Rh5 51. h7 a5 52. Rf8 Rg5+
53. Kf2 Rh5 54. h8=Q Rxh8 55. Rxh8 a4 56. Be4+ Kc7 57. Ra8 b5 58. c4 Kb6 59.
cxb5 Kxb5 60. Rb8+ Kc4 61. Ke2 Kc3 62. Kd1 c4 63. Bc2 a3 64. Bb1 Kd4 65. Kc2 Ke3
66. Rf8 Kd4 67. f4 c3 68. f5 Kc4 69. Rb8 Kd4 70. f6 Kc4 71. f7 Kd4 72. f8=Q Kc4
73. Qd6 a2 74. Bxa2# {Black checkmated} 1-0

[Event "Team 45 45 League T49"]
[Site "Internet Chess Club"]
[Date "2011.05.30"]
[Round "3"]
[White "wekabird"]
[Black "bhandelman"]
[Result "0-1"]
[WhiteElo "1169"]
[BlackElo "1143"]
[Opening "English opening"]
[ECO "A22"]
[Time "20:00:12"]
[TimeControl "2700+45"]

1. c4 e5 2. Nc3 Nf6 3. e4 Bc5 4. h3 O-O 5. Nf3 d6 6. g3 Be6 7. b3 Nbd7 8. Bg2 c6
9. O-O Nb6 10. d3 d5 11. cxd5 cxd5 12. Rb1 d4 13. Na4 Bb4 14. Nxe5 Qd6 15. Nf3
Rac8 16. e5 Qd8 17. exf6 Qxf6 18. Nxb6 axb6 19. Bg5 Qg6 20. Bc1 Bc3 21. Bb2 Bf5
22. Ne1 Rc7 23. Bxc3 dxc3 24. Rc1 Rd8 25. Qd2 cxd2 26. Rxc7 d1=Q 27. Nf3 Qxd3
28. Ne5 Qdd6 29. Nxg6 Qxc7 30. Nf4 Bd3 31. Nd5 Qd6 32. Re1 Qa3 33. Nxb6 Qxa2 34.
Nd7 Qxb3 35. Nc5 Qb5 36. Nxb7 Rf8 37. Nd6 Qb4 38. Nc8 Qxe1+ 39. Kh2 Rxc8 {White
resigns} 0-1

[Event "Team 45 45 League T49"]
[Site "Internet Chess Club"]
[Date "2011.05.26"]
[Round "3"]
[White "MateIn42"]
[Black "krysto"]
[Result "0-1"]
[WhiteElo "1425"]
[BlackElo "1614"]
[Opening "French: exchange variation"]
[ECO "C01"]
[Time "21:03:27"]
[TimeControl "2700+45"]

1. e4 e6 2. d4 d5 3. exd5 exd5 4. Nc3 Nf6 5. Bf4 Bd6 6. Bxd6 Qxd6 7. Be2 O-O 8.
Nf3 Re8 9. O-O Bg4 10. Re1 a6 11. Ne5 Be6 12. Bf3 Nbd7 13. a3 h6 14. Ne2 Nxe5
15. dxe5 Qxe5 16. Nd4 Qd6 17. Nxe6 Rxe6 18. Qd4 Rae8 19. Rxe6 Rxe6 20. Rd1 Qe7
21. Kf1 c6 22. c4 dxc4 23. Qxc4 Qc7 24. Kg1 Qe5 25. Qb4 Re7 26. g3 Qc7 27. Rd4
c5 {White resigns} 0-1

[Event "Team 45 45 League T49"]
[Site "Internet Chess Club"]
[Date "2011.05.31"]
[Round "3"]
[White "Barie"]
[Black "Visin"]
[Result "1/2-1/2"]
[WhiteElo "1340"]
[BlackElo "1236"]
[Opening "English: Anglo-Dutch defense"]
[ECO "A10"]
[Time "01:00:05"]
[TimeControl "2700+45"]

1. c4 f5 2. d3 e5 3. e3 Nc6 4. g3 d5 5. cxd5 Qxd5 6. Nf3 Nf6 7. Bg2 e4 8. Nc3
Bb4 9. Ng5 h6 10. Nh3 O-O 11. O-O Bxc3 12. Nf4 Qa5 13. Qb3+ Kh7 14. bxc3 g5 15.
Nh3 Qb6 16. Qc2 exd3 17. Qxd3 Ne7 18. Rb1 Qe6 19. Rb2 c6 20. Re2 Qd7 21. Qc2 Kg7
22. Bb2 Qc7 23. c4 Be6 24. Rfe1 Rad8 25. e4 Rd7 26. Ba3 c5 27. Bb2 Kg8 28. Qc1
Nh7 29. Qc3 Ng6 30. exf5 Bxf5 31. Bd5+ Rxd5 32. cxd5 Nf6 33. Kg2 Qd7 34. Ng1
Qxd5+ 35. Nf3 Qd7 36. Ne5 Qd5+ 37. Qf3 Qxf3+ 38. Nxf3 Bg4 39. Bxf6 Bxf3+ 40.
Kxf3 Rxf6+ 41. Kg2 Kf7 42. Rd1 Nf8 43. Re5 b6 44. Rd2 Re6 45. Rxe6 Kxe6 46. Re2+
Kd6 47. h3 b5 48. f4 gxf4 49. gxf4 a5 50. f5 c4 51. f6 c3 52. f7 b4 53. Kf2 a4
54. Ke1 b3 55. axb3 axb3 56. Kd1 Kd5 57. Re8 Nh7 58. f8=Q Nxf8 59. Rxf8 Ke4 60.
Rd8 Ke3 61. Kc1 Ke4 62. Rd6 h5 63. Rd7 Ke3 64. Rd5 h4 65. Rd6 Ke4 66. Kb1 Ke3
67. Kc1 Ke4 68. Rd7 Ke3 69. Re7+ Kd3 70. Rd7+ Ke3 71. Rc7 Kd3 72. Rd7+ Ke3 {Game
drawn by repetition} 1/2-1/2

[Event "Team 45 45 League T49"]
[Site "Internet Chess Club"]
[Date "2011.05.31"]
[Round "3"]
[White "houseofcook"]
[Black "Elalfer"]
[Result "1/2-1/2"]
[WhiteElo "1433"]
[BlackElo "1362"]
[Opening "Sicilian: Grand Prix attack"]
[ECO "B23"]
[Time "13:00:10"]
[TimeControl "2700+45"]

1. e4 c5 2. Nc3 Nc6 3. f4 g6 4. Nf3 Bg7 5. Bb5 Nd4 6. O-O Qb6 7. Bd3 d6 8. Nxd4
cxd4 9. Ne2 Bg4 10. h3 Bd7 11. b3 d5 12. e5 Bf5 13. Bb2 Bxd3 14. cxd3 e6 15.
Bxd4 Qb5 16. Qc2 Ne7 17. Rac1 O-O 18. Bc5 Rac8 19. a4 Qd7 20. Qb1 b6 21. Ba3 Rc7
22. Rxc7 Qxc7 23. Rc1 Qd7 24. d4 Rc8 25. Rxc8+ Nxc8 26. Qc2 Bf8 27. Bxf8 Kxf8
28. Nc3 Qc6 {Game drawn by mutual agreement} 1/2-1/2

[Event "Team 45 45 League T49"]
[Site "Internet Chess Club"]
[Date "2011.05.25"]
[Round "3"]
[White "izit"]
[Black "ElCreyente"]
[Result "1-0"]
[WhiteElo "2245"]
[BlackElo "2185"]
[Opening "King's Indian: 5.Nf3"]
[ECO "E90"]
[Time "16:00:38"]
[TimeControl "2700+45"]

1. d4 Nf6 2. c4 g6 3. Nc3 Bg7 4. e4 d6 5. Nf3 O-O 6. h3 e5 7. d5 Na6 8. Bg5 h6
9. Be3 Nc5 10. Nd2 a5 11. g4 c6 12. Be2 Bd7 13. h4 a4 14. g5 hxg5 15. hxg5 Nh7
16. Rg1 Qa5 17. Qc2 cxd5 18. Nxd5 Rfe8 19. Qc3 Qd8 20. O-O-O Rc8 21. Kb1 Bc6 22.
Bg4 Rb8 23. Bxc5 dxc5 24. Nf3 Nxg5 25. Nxg5 Qxg5 26. Qa3 Bf8 27. Be6 Qh6 28.
Nf6+ Kg7 29. Nxe8+ Bxe8 30. Bd7 Bxd7 31. Rxd7 b5 32. Qf3 Qf4 33. Qxf4 exf4 34.
cxb5 Rxb5 35. Ra7 Rb4 36. f3 Bd6 37. Rg5 {Black resigns} 1-0

[Event "Team 45 45 League T49"]
[Site "Internet Chess Club"]
[Date "2011.06.02"]
[Round "3"]
[White "MikeA"]
[Black "baumhauer"]
[Result "1-0"]
[WhiteElo "2186"]
[BlackElo "1864"]
[Opening "Sicilian: Alapin's variation (2.c3)"]
[ECO "B22"]
[Time "10:00:09"]
[TimeControl "2700+45"]

1. e4 c5 2. c3 Nf6 3. e5 Nd5 4. d4 e6 5. Nf3 d6 6. dxc5 dxc5 7. c4 Ne7 8. Bd3
Ng6 9. Nc3 Nc6 10. Bg5 Be7 11. Bxe7 Qxe7 12. Bxg6 hxg6 13. O-O Bd7 14. Ne4 O-O-O
15. Qd6 Be8 16. Qxe7 Nxe7 17. Nxc5 Bc6 18. Ng5 Rde8 19. Nxf7 Ref8 {Black
resigns} 1-0

[Event "Team 45 45 League T49"]
[Site "Internet Chess Club"]
[Date "2011.05.28"]
[Round "3"]
[White "Holzschlange"]
[Black "Kueh"]
[Result "1/2-1/2"]
[WhiteElo "1838"]
[BlackElo "2001"]
[Opening "English opening"]
[ECO "A10"]
[Time "09:00:35"]
[TimeControl "2700+45"]

1. c4 g6 2. Nc3 Bg7 3. g3 Nf6 4. Bg2 O-O 5. d3 c5 6. e4 d6 7. Nge2 a6 8. O-O Nc6
9. Be3 Rb8 10. h3 b5 11. f4 Nd4 12. Nxd4 cxd4 13. Bxd4 bxc4 14. dxc4 Rxb2 15. e5
dxe5 16. fxe5 Nh5 17. Nd5 Rb8 18. g4 {Game drawn by mutual agreement} 1/2-1/2

[Event "Team 45 45 League T49"]
[Site "Internet Chess Club"]
[Date "2011.05.31"]
[Round "3"]
[White "Woss"]
[Black "qlwqznzn"]
[Result "1-0"]
[WhiteElo "2224"]
[BlackElo "2347"]
[Opening "Sicilian: Najdorf, 7.f4"]
[ECO "B96"]
[Time "22:02:36"]
[TimeControl "2700+45"]

1. e4 c5 2. Nf3 d6 3. d4 cxd4 4. Nxd4 Nf6 5. Nc3 a6 6. Bg5 e6 7. f4 Nbd7 8. Qf3
Be7 9. Bc4 h6 10. Bxf6 Bxf6 11. O-O-O Qc7 12. Bxe6 Nb6 13. Nd5 Nxd5 14. Bxd5 O-O
15. g4 Bd7 16. h4 Rac8 17. c3 g6 18. g5 Bxd4 19. Rxd4 h5 20. f5 Kg7 21. Rhd1
Rcd8 22. Qf4 Bb5 23. Bb3 Qc5 24. Rd5 Qb6 25. Rxd6 Rxd6 26. Rxd6 Qc5 27. Rd5 Qg1+
28. Rd1 Qc5 29. Bd5 b6 30. Qe5+ Kh7 31. Qd4 Qc7 32. Kb1 Qh2 33. Qf6 Qf4 34.
fxg6+ fxg6 35. Qxf4 Rxf4 36. c4 Bd7 37. Rh1 Bg4 38. b4 Kg7 39. c5 bxc5 40. bxc5
Kf8 41. Kc2 Bf3 42. Re1 Ke7 43. Kd3 Rxh4 44. Rf1 Bg4 45. Rf7+ Ke8 46. Rf6 Rh1
47. Kd4 h4 48. Ke5 Rd1 49. Kd6 Bh5 50. c6 h3 51. c7 Bg4 52. Rxg6 {Black resigns}
1-0

[Event "Team 45 45 League T49"]
[Site "Internet Chess Club"]
[Date "2011.05.28"]
[Round "3"]
[White "procyk"]
[Black "egyptiantiger"]
[Result "1-0"]
[WhiteElo "2142"]
[BlackElo "2092"]
[Opening "Benoni: four pawns attack, main line"]
[ECO "A69"]
[Time "18:08:22"]
[TimeControl "2700+45"]

1. d4 Nf6 2. c4 g6 3. Nc3 Bg7 4. e4 d6 5. f4 O-O 6. Nf3 c5 7. d5 e6 8. Be2 exd5
9. cxd5 Re8 10. e5 dxe5 11. fxe5 Ng4 12. Bg5 Qb6 13. O-O Nxe5 14. Nxe5 Bxe5 15.
Bc4 Qxb2 16. d6 Rf8 17. Bxf7+ Kg7 18. Bd5 Bf5 19. Qc1 Qxc1 20. Raxc1 Bd4+ 21.
Kh1 Nc6 22. Nb5 Bb2 23. Rxc5 Bd3 24. Rxf8 Rxf8 25. g3 Bf5 26. Kg2 a6 27. Nc7 Ba3
28. Nxa6 Bxc5 29. Nxc5 Nd8 30. Be7 Re8 31. a4 b6 32. Na6 Bd7 33. Nc7 Rh8 34. h4
h6 35. Kf2 Kh7 36. Na8 Bxa4 37. Nxb6 Bb5 38. g4 Kg7 39. d7 Rf8+ 40. Kg3 Rh8 41.
Kf4 Rf8+ 42. Ke5 Bxd7 43. Bxf8+ Kxf8 44. Nxd7+ Kg7 45. Kd6 Nf7+ 46. Bxf7 Kxf7
47. g5 hxg5 48. hxg5 Kg7 49. Ke7 Kg8 50. Kf6 Kh7 51. Kf7 Kh8 52. Kxg6 Kg8 53.
Kh6 Kf7 54. g6+ Kg8 55. g7 Kf7 56. Kh7 {Black resigns} 1-0

[Event "Team 45 45 League T49"]
[Site "Internet Chess Club"]
[Date "2011.05.30"]
[Round "3"]
[White "Stryker672"]
[Black "xec"]
[Result "0-1"]
[WhiteElo "1947"]
[BlackElo "2112"]
[Opening "Robatsch (modern) defense"]
[ECO "B06"]
[Time "17:00:13"]
[TimeControl "2700+45"]

1. e4 g6 2. d4 Bg7 3. Nf3 d6 4. Bc4 Nf6 5. Qe2 O-O 6. O-O c6 7. Bb3 b6 8. c3 Ba6
9. c4 e5 10. dxe5 dxe5 11. Rd1 Qc7 12. Bc2 Nbd7 13. b3 Rfd8 14. Bb2 Bb7 15. Nbd2
Nh5 16. g3 Nc5 17. Nf1 Ne6 18. Rxd8+ Rxd8 19. Rd1 Nd4 20. Nxd4 exd4 21. f4 c5
22. Bd3 Re8 23. Nd2 f5 24. Re1 Qc6 25. Kf2 Nf6 26. Kf3 fxe4+ 27. Nxe4 Nxe4 28.
Bxe4 Rxe4 29. Qxe4 Qd7 30. Bc1 Bxe4+ 31. Rxe4 Qh3 {White resigns} 0-1

[Event "Team 45 45 League T49"]
[Site "Internet Chess Club"]
[Date "2011.05.28"]
[Round "3"]
[White "robertoalvarez"]
[Black "M-Abotreka"]
[Result "0-1"]
[WhiteElo "1977"]
[BlackElo "2045"]
[Opening "Caro-Kann: advance variation"]
[ECO "B12"]
[Time "14:01:10"]
[TimeControl "2700+45"]

1. e4 c6 2. d4 d5 3. e5 Bf5 4. Nf3 e6 5. Be2 c5 6. Be3 Qb6 7. Nc3 Nc6 8. O-O
Qxb2 9. Qe1 cxd4 10. Bxd4 Nxd4 11. Nxd4 Bb4 12. Rb1 Bxc3 13. Rxb2 Bxe1 14. Bb5+
Kf8 15. Nxf5 Bc3 16. Rb3 Bxe5 17. f4 Bc7 18. Ng3 Nf6 19. c4 dxc4 20. Bxc4 Bb6+
21. Kh1 Rc8 22. Be2 Ke7 23. Bf3 Rc7 24. f5 Rd8 25. fxe6 fxe6 26. a4 Nd5 27. Ne4
Ne3 28. Rfb1 Rdc8 29. h4 Nf5 30. h5 Rc1+ 31. Kh2 Nd4 32. R3b2 Nxf3+ 33. gxf3
R8c2+ 34. Kh3 Rh1+ 35. Kg4 Rg1+ 36. Kh3 Rxb1 37. Rxb1 Ra2 38. Rb4 h6 39. Kg4 Ra3
40. Nd2 Rd3 41. Nb3 Rd7 42. a5 Bf2 43. Rc4 a6 44. f4 Rd3 45. Rc7+ Kf6 46. Nc5
Rg3+ 47. Kh4 g5+ 48. hxg6 Kxg6 49. f5+ exf5 50. Rg7+ Kxg7 51. Ne6+ Kf6 52. Nf4
Rf3+ 53. Kh5 Rxf4 54. Kxh6 Rh4# {White checkmated} 0-1

[Event "Team 45 45 League T49"]
[Site "Internet Chess Club"]
[Date "2011.05.31"]
[Round "3"]
[White "powerchess1"]
[Black "misuc56"]
[Result "0-1"]
[WhiteElo "1695"]
[BlackElo "1844"]
[Opening "Queen's pawn game"]
[ECO "D02"]
[Time "18:30:06"]
[TimeControl "2700+45"]

1. d4 d5 2. Nf3 e6 3. Bg5 Be7 4. Bf4 f5 5. Nbd2 Nf6 6. e3 O-O 7. Bd3 c6 8. Qe2
Bd6 9. Bg5 Nbd7 10. Bxf6 Nxf6 11. Ne5 Bxe5 12. dxe5 Ne4 13. O-O-O c5 14. Bxe4
fxe4 15. f4 Qe7 16. g4 Bd7 17. h4 b5 18. g5 c4 19. h5 b4 20. Nf1 a5 21. Nh2 a4
22. h6 g6 23. Ng4 Bb5 24. Nf6+ Kh8 25. Rd4 Qc5 26. Qg4 Ra6 27. Rh2 a3 28. Kb1
axb2 29. Kxb2 Rfa8 30. Kc1 Qb6 31. Nxd5 exd5 32. Rxd5 Rxa2 33. Qh3 Ra1+ 34. Kd2
c3# {White checkmated} 0-1

[Event "Team 45 45 League T49"]
[Site "Internet Chess Club"]
[Date "2011.05.29"]
[Round "3"]
[White "lookatall65sqas"]
[Black "Neoman"]
[Result "1-0"]
[WhiteElo "1564"]
[BlackElo "1561"]
[Opening "QGD: Tarrasch, Prague variation, 9.Bg5"]
[ECO "D34"]
[Time "12:00:44"]
[TimeControl "2700+45"]

1. d4 d5 2. c4 e6 3. Nc3 c5 4. cxd5 exd5 5. Nf3 Nc6 6. g3 Nf6 7. Bg2 Be7 8. O-O
O-O 9. Bg5 cxd4 10. Nxd4 h6 11. Be3 Re8 12. Rc1 Bg4 13. h3 Bh5 14. Na4 Qd7 15.
Nc5 Bxc5 16. Rxc5 Nxd4 17. Qxd4 Bxe2 18. Rfc1 Ba6 19. Bxh6 Rac8 20. Rxc8 Rxc8
21. Rxc8+ Qxc8 22. Kh2 Qc4 23. Qxc4 Bxc4 24. Be3 a6 25. b3 Bd3 26. Bd4 Ne4 27.
f3 Nd2 28. Kg1 Bb1 29. Be3 Bxa2 30. Bxd2 Bxb3 31. f4 b6 32. Kf2 Kf8 33. Ke3 Ke7
34. Kd4 Kd6 35. g4 a5 36. h4 f6 37. g5 fxg5 38. fxg5 Ba2 39. h5 Ke6 40. h6 gxh6
41. gxh6 Kf6 42. Bh3 {Black resigns} 1-0

[Event "Team 45 45 League T49"]
[Site "Internet Chess Club"]
[Date "2011.05.28"]
[Round "3"]
[White "redboot"]
[Black "spongenotbob"]
[Result "1-0"]
[WhiteElo "1621"]
[BlackElo "1318"]
[Opening "Caro-Kann: anti-anti-Caro-Kann defense"]
[ECO "B10"]
[Time "19:30:11"]
[TimeControl "2700+45"]

1. e4 c6 2. c4 d5 3. cxd5 cxd5 4. exd5 Qxd5 5. Nc3 Qd8 6. d4 Nf6 7. Nf3 Bf5 8.
Bc4 e6 9. Qb3 Qc7 10. Nb5 Qc6 11. Bf4 Qe4+ 12. Be3 Qc6 13. Nxa7 Rxa7 14. Bb5
{Black resigns} 1-0

[Event "Team 45 45 League T49"]
[Site "Internet Chess Club"]
[Date "2011.05.27"]
[Round "3"]
[White "joaoazm"]
[Black "julesraider"]
[Result "1/2-1/2"]
[WhiteElo "1174"]
[BlackElo "1521"]
[Opening "French defense"]
[ECO "C00"]
[Time "19:45:24"]
[TimeControl "2700+45"]

1. e4 e6 2. Nc3 c5 3. f4 d5 4. exd5 exd5 5. Qe2+ Be7 6. Nf3 Nc6 7. d3 Nf6 8. h3
O-O 9. Bd2 Re8 10. O-O-O Bd6 11. Qf2 Qa5 12. a3 d4 13. Nd5 Qd8 14. Nxf6+ Qxf6
15. g3 b5 16. Re1 Bd7 17. Bg2 Rab8 18. Rxe8+ Rxe8 19. Re1 Rb8 20. Re2 a5 21. Ne5
Bxe5 22. fxe5 Qe6 23. b3 a4 24. Kb2 axb3 25. cxb3 c4 26. Bxc6 c3+ 27. Ka2 Qxc6
28. Bf4 Be6 29. Qxd4 c2 30. Qd6 Rc8 31. Qxc6 Rxc6 32. Bc1 Rc3 33. Rd2 Rxb3 34.
Rxc2 Rxd3+ 35. Kb1 Rb3+ 36. Rb2 Rxb2+ 37. Bxb2 Bxh3 38. Kc2 Bf1 39. Bd4 h5 40.
Kd2 Kf8 41. Ke3 Ke7 42. Kf4 Bh3 43. Kg5 Bg4 44. e6 fxe6 45. Bxg7 Kd6 46. Kf4 Kd5
47. Bf6 Kc4 48. Be7 Kd5 49. Bf6 Kc4 50. Be7 Kd3 51. Bf6 Ke2 52. Be7 Kf2 53. Bf6
Bf5 54. Be7 Bg4 55. Bf6 Kg2 56. Bh4 Kf2 57. Bf6 Bd1 58. Bh4 Bg4 59. Bf6 {Game
drawn by repetition} 1/2-1/2

[Event "Team 45 45 League T49"]
[Site "Internet Chess Club"]
[Date "2011.05.26"]
[Round "3"]
[White "JFlamer"]
[Black "katikus"]
[Result "0-1"]
[WhiteElo "1816"]
[BlackElo "1706"]
[Opening "Caro-Kann: exchange variation"]
[ECO "B13"]
[Time "19:00:29"]
[TimeControl "2700+45"]

1. e4 c6 2. d4 d5 3. exd5 cxd5 4. Nf3 Nf6 5. Bd3 Bg4 6. Bf4 e6 7. Nbd2 Nc6 8. c3
Bd6 9. Bg5 O-O 10. Qc2 h6 11. Bh4 Rc8 12. a3 e5 13. dxe5 Nxe5 14. Nxe5 Bxe5 15.
f3 Re8 16. O-O Bd7 17. Qb1 Qc7 18. h3 g5 19. Bf2 Nh5 20. Qa2 Nf4 21. Bc2 Be6 22.
Bb3 Ne2+ 23. Kh1 Ng3+ 24. Bxg3 Bxg3 25. Rad1 Bxh3 26. Bxd5 Bxg2+ 27. Kg1 Bh2+
28. Kxg2 Qg3+ 29. Kh1 Re2 30. Bxf7+ Kh8 31. Rf2 Rxf2 32. Qd5 Qg2# {White
checkmated} 0-1

[Event "Team 45 45 League T49"]
[Site "Internet Chess Club"]
[Date "2011.05.30"]
[Round "3"]
[White "losscause"]
[Black "Zugzwanged"]
[Result "1/2-1/2"]
[WhiteElo "1585"]
[BlackElo "1599"]
[Opening "Queen's pawn: Yusupov-Rubinstein system"]
[ECO "A46"]
[Time "18:00:18"]
[TimeControl "2700+45"]

1. d4 Nf6 2. Nf3 e6 3. e3 c5 4. c3 cxd4 5. exd4 d5 6. Nbd2 Bd6 7. Ne5 O-O 8. Bd3
Nc6 9. Ndf3 Nd7 10. Nxc6 bxc6 11. Qe2 e5 12. dxe5 Nxe5 13. Nxe5 Bxe5 14. O-O Re8
15. Qh5 g6 16. Qg5 Qd6 17. f4 Bg7 18. Bd2 Rb8 19. Rae1 Bd7 20. Rxe8+ Rxe8 21.
Re1 Rxe1+ 22. Bxe1 Qe6 23. Qg3 Qf6 24. Bf2 a5 25. Bd4 Qe7 26. Bxg7 Kxg7 27. Qf2
c5 28. Qe2 Qxe2 29. Bxe2 Kf6 30. Kf2 h5 31. g3 Bf5 32. Ke3 Be4 33. h3 Bg2 34. h4
Be4 35. a3 Kf5 36. Bd1 f6 37. Be2 Ke6 38. b4 cxb4 39. cxb4 axb4 40. axb4 Kd6 41.
Kd4 Kc6 42. g4 hxg4 43. b5+ Kb6 44. Bxg4 Kxb5 45. h5 gxh5 46. Bxh5 Kc6 47. Bf7
Kd6 48. Bg8 Kc6 49. Be6 f5 50. Bg8 Kd6 51. Bf7 Bf3 52. Bg8 Be4 53. Bf7 Bg2 54.
Bg8 Be4 55. Bf7 Bh1 56. Bg8 Be4 {Game drawn by repetition} 1/2-1/2

[Event "Team 45 45 League T49"]
[Site "Internet Chess Club"]
[Date "2011.05.30"]
[Round "3"]
[White "mattphelps"]
[Black "alaskauk"]
[Result "0-1"]
[WhiteElo "1381"]
[BlackElo "1482"]
[Opening "Sicilian defense"]
[ECO "B33"]
[Time "09:03:54"]
[TimeControl "2700+45"]

1. e4 c5 2. Nf3 Nc6 3. d4 cxd4 4. Nxd4 Nf6 5. Nxc6 bxc6 6. Nc3 Bb7 7. Bd3 e6 8.
O-O Be7 9. Be3 O-O 10. e5 Nd5 11. Nxd5 cxd5 12. Qg4 g6 13. Bh6 Re8 14. f4 Bf8
15. Bg5 Qb6+ 16. Kh1 Ba6 17. Bxa6 Qxa6 18. Bf6 Qc4 19. c3 Rec8 20. Rf3 Qe4 21.
Rh3 Bg7 22. Qh4 h5 23. Kg1 Qf5 24. g4 Qxg4+ 25. Qxg4 hxg4 26. Rg3 Rab8 27. b4
Rc4 28. Bg5 Rbc8 29. Rc1 d4 30. Rd3 Rxb4 31. Be7 Rbc4 32. Kg2 Bf8 33. Bxf8 Kxf8
34. Kg3 Ke7 35. Kxg4 Rxc3 36. Rcd1 Rxd3 37. Rxd3 Rc4 38. h4 Ra4 39. h5 gxh5+ 40.
Kxh5 Rxa2 41. Rxd4 a5 42. Rd1 a4 43. Kg4 a3 44. Kf3 Rb2 45. Ra1 a2 46. Ke3 d6
47. exd6+ Kxd6 48. Kd3 Ke7 49. Kc3 Rf2 50. Kb3 Kf6 51. Rxa2 Rxa2 52. Kxa2 Kf5
53. Kb2 Kxf4 54. Kc2 f5 55. Kd2 e5 56. Ke2 Kg3 57. Kf1 f4 58. Ke1 f3 59. Kf1 f2
60. Ke2 Kg2 {White resigns} 0-1

[Event "Team 45 45 League T49"]
[Site "Internet Chess Club"]
[Date "2011.05.27"]
[Round "3"]
[White "tightfist"]
[Black "Just-Jim"]
[Result "0-1"]
[WhiteElo "1366"]
[BlackElo "1388"]
[Opening "Bird's opening"]
[ECO "A02"]
[Time "19:14:10"]
[TimeControl "2700+45"]

1. f4 d6 2. Nf3 Bf5 3. e3 a6 4. Nc3 Nc6 5. a3 h6 6. d4 e6 7. e4 Bg4 8. Be2 Be7
9. O-O Bxf3 10. Rxf3 Nf6 11. Rg3 g6 12. Be3 Nh7 13. d5 exd5 14. exd5 Bh4 15. Rh3
Nb8 16. Bd4 O-O 17. g3 Bf6 18. Rxh6 c5 19. Bxf6 Nxf6 20. Kg2 Nbd7 21. Bf3 Nb6
22. Qd3 Qd7 23. Re1 Nc8 24. Ne4 Nxe4 25. Qxe4 Nb6 26. Qe7 Qxe7 27. Rxe7 Rab8 28.
b3 Kg7 29. Rh4 Nc8 30. Re2 b5 31. g4 a5 32. g5 a4 33. Re3 Rb7 34. Bg4 Ne7 35.
Reh3 Rg8 36. Rh7+ Kf8 37. Rd3 axb3 38. cxb3 Ra7 39. b4 cxb4 40. axb4 Ra2+ 41.
Kg3 Rc2 42. Bd7 Rc4 43. Bxb5 Rxb4 44. Bc6 Nf5+ 45. Kf3 Nd4+ 46. Kg4 Ne2 47. Rf3
Nd4 48. Re3 Nxc6 49. dxc6 Rc4 50. Re7 Kxe7 51. h4 Rxc6 52. h5 gxh5+ 53. Rxh5 d5
54. Rh2 Rcg6 55. Re2+ Kd6 56. Kf5 d4 57. Rd2 Kd5 58. Ra2 d3 59. Ra4 Rd6 60. Kg4
d2 61. Ra1 Ke4 62. Rd1 Ke3 {White resigns} 0-1

[Event "Team 45 45 League T49"]
[Site "Internet Chess Club"]
[Date "2011.06.04"]
[Round "3"]
[White "CamLeslie"]
[Black "SlimeDog2"]
[Result "0-1"]
[WhiteElo "1956"]
[BlackElo "2055"]
[Opening "Petrov: Nimzovich attack"]
[ECO "C42"]
[Time "20:30:21"]
[TimeControl "2700+45"]

1. e4 e5 2. Nf3 Nf6 3. Nxe5 d6 4. Nf3 Nxe4 5. Nc3 Nxc3 6. dxc3 Be7 7. Be3 Nc6 8.
Qd2 O-O 9. O-O-O Bf6 10. Be2 Ne5 11. Nd4 Re8 12. h3 d5 13. b3 c5 14. Nf3 Qa5 15.
Kb2 Nc4+ 16. Bxc4 dxc4 17. Rhe1 Rd8 18. Qxd8+ Bxd8 19. Bxc5 Be6 {White resigns}
0-1

[Event "Team 45 45 League T49"]
[Site "Internet Chess Club"]
[Date "2011.05.28"]
[Round "3"]
[White "chsrules88"]
[Black "Camden772"]
[Result "0-1"]
[WhiteElo "1996"]
[BlackElo "1834"]
[Opening "French: advance, Milner-Barry gambit"]
[ECO "C02"]
[Time "14:30:18"]
[TimeControl "2700+45"]

1. e4 e6 2. d4 d5 3. e5 c5 4. c3 Nc6 5. Nf3 Qb6 6. Bd3 cxd4 7. cxd4 Bd7 8. Bc2
Nb4 9. O-O Nxc2 10. Qxc2 Ne7 11. Nc3 Rc8 12. Qd3 Nf5 13. a3 Be7 14. b4 Rc4 15.
Be3 O-O 16. Nd2 Rc7 17. Nb3 Nxe3 18. fxe3 Rfc8 19. Rac1 Be8 20. Rc2 Bb5 21. Nxb5
Rxc2 22. Nc5 Rc4 23. Nc3 Bxc5 24. dxc5 Qa6 25. Qd2 Qxa3 26. Nxd5 exd5 27. Qxd5
Qxe3+ 28. Kh1 Rf4 29. Rd1 Rf8 {White resigns} 0-1

[Event "Team 45 45 League T49"]
[Site "Internet Chess Club"]
[Date "2011.05.28"]
[Round "3"]
[White "zap2"]
[Black "Mobtaker"]
[Result "1-0"]
[WhiteElo "1788"]
[BlackElo "1643"]
[Opening "Réti opening"]
[ECO "A05"]
[Time "12:09:23"]
[TimeControl "2700+45"]

1. Nf3 Nf6 2. g3 d5 3. Bg2 c6 4. O-O g6 5. d3 Bg7 6. Nbd2 O-O 7. e4 Nbd7 8. Qe2
b6 9. e5 Ne8 10. e6 Nc5 11. exf7+ Rxf7 12. Ne5 Rf6 13. d4 Ba6 14. c4 Nd7 15.
Nxc6 Qc7 16. Bxd5+ Kh8 17. Nxe7 Nd6 18. Bxa8 Nxc4 19. Nd5 Qd6 20. Nxc4 {Black
resigns} 1-0

[Event "Team 45 45 League T49"]
[Site "Internet Chess Club"]
[Date "2011.05.26"]
[Round "3"]
[White "filiusdextris"]
[Black "playwaycool"]
[Result "0-1"]
[WhiteElo "2098"]
[BlackElo "2099"]
[Opening "Ruy Lopez: Wormald (Alapin) attack"]
[ECO "C77"]
[Time "20:03:27"]
[TimeControl "2700+45"]

1. e4 e5 2. Nf3 Nc6 3. Bb5 a6 4. Ba4 Nf6 5. Qe2 Be7 6. c3 b5 7. Bc2 d6 8. d4 Bg4
9. d5 Nb8 10. a4 bxa4 11. Nbd2 O-O 12. h3 Bd7 13. O-O c6 14. dxc6 Bxc6 15. Bxa4
Qc7 16. Rd1 Bxa4 17. Rxa4 Qc6 18. Rc4 Qb5 19. Nb1 Nbd7 20. Na3 Qb7 21. Bg5 h6
22. Bxf6 Nxf6 23. Rb4 Qa7 24. Ra4 Rfb8 25. Nc4 Qc7 26. Ne3 g6 27. Qd2 Rb3 28.
Rda1 Qb7 29. Nc4 Nxe4 30. Qxh6 Qa7 31. Ne3 Qb7 32. Nd1 Bf8 33. Qe3 f5 34. Qd3
Nc5 35. Qc4+ Qf7 36. Qxf7+ Kxf7 37. R4a3 Rab8 38. Nd2 Rxa3 39. Rxa3 Bh6 40. Nc4
Ke6 41. b4 Ne4 42. Rxa6 Rc8 43. Nb6 Rc6 44. c4 Bd2 45. b5 Nc5 46. Ra2 Rxb6 47.
Rxd2 Ne4 48. Ra2 Rb8 49. f3 Nf6 50. Rb2 Nd7 51. Rb4 Nb6 52. Nb2 Rc8 53. Kf2 g5
54. Ke2 Ra8 55. Rb3 Ra1 56. g4 f4 57. Kd3 Rh1 58. Kc3 Rxh3 59. Kb4 e4 60. fxe4
Rxb3+ 61. Kxb3 Ke5 62. Kc3 Kxe4 63. Nd3 Ke3 64. c5 dxc5 65. Nxc5 f3 66. Nd3 f2
67. Nxf2 Kxf2 68. Kd4 Kg3 69. Kc5 Nc8 70. Kc6 Na7+ {White resigns} 0-1